 Dungeon Crawl Stone Soup version 0.19.5 (webtiles) character file.

288 Oxelix the Cudgeler (level 6, 50/52 HPs)
             Began as a Draconian Berserker on Jan 29, 2017.
             Was a Priest of Trog.
             Quit the game on level 3 of the Dungeon on Apr 5, 2017.
             The game lasted 00:07:09 (2452 turns).

Oxelix the Cudgeler (Draconian Berserker)           Turns: 2452, Time: 00:07:09

Health: 50/52      AC:  7    Str: 21    XL:     6   Next: 9%
Magic:  6/6        EV: 13    Int:  7    God:    Trog [***...]
Gold:   189        SH:  0    Dex: 11    Spells: 0 memorised, 5 levels left

rFire  + . .     SeeInvis .     f - +0 whip
rCold  x . .     Gourm    .     (armour unavailable)
rNeg   . . .     Faith    .     (no shield)
rPois  .         Spirit   .     (helmet restricted)
rElec  .         Reflect  .     g - +0 cloak
rCorr  .         Harm     .     (no gloves)
MR     .....                    (no boots)
Stlth  ++........               p - amulet of magic regeneration
                                e - ring of fire
                                h - ring of stealth

@: no status effects
A: unfitting armour, cold-blooded, AC +6
a: Berserk, Trog's Hand, Burn Spellbooks, Renounce Religion


You were on level 3 of the Dungeon.
You worshipped Trog.
Trog was most pleased with you.
You were not hungry.

You visited 1 branch of the dungeon, and saw 3 of its levels.

You collected 189 gold pieces.

Inventory:

Hand Weapons
 a - a +0 mace
 f - a +0 whip (weapon)
Armour
 g - a +0 cloak (worn)
Jewellery
 e - a ring of fire (right hand)
 h - a ring of stealth (left hand)
 p - an amulet of magic regeneration (around neck)
Scrolls
 d - 2 scrolls of remove curse
 k - a scroll of magic mapping {unknown}
 l - a scroll of random uselessness {unknown}
 m - a scroll of recharging {unknown}
 n - a scroll of immolation {unknown}
Potions
 j - 2 potions of haste {unknown}
 o - 3 potions of curing {unknown}
Comestibles
 b - 5 bread rations
 c - 15 chunks of flesh
 i - a beef jerky


   Skills:
 - Level 3.7 Fighting
 * Level 6.2 Maces & Flails
 - Level 3.2 Dodging
 - Level 0.6 Stealth


You had 5 spell levels left.
You didn't know any spells.

Dungeon Overview and Level Annotations

Branches:
Dungeon (3/15)

Altars:
Fedhas


Innate Abilities, Weirdness & Mutations

Your plain brown scales are hard. (AC +6)
You cannot fit into any form of body armour.
You are cold-blooded and may be slowed by cold attacks.


Message History

You tail-slap the jackal, but do no damage.
The jackal is almost dead.
The jackal bites you but does no damage.
You closely miss the jackal.
Your tail-slap misses the jackal.
The jackal is almost dead.
The jackal closely misses you.
You completely miss the jackal. You tail-slap the jackal.
You kill the jackal!
Trog accepts your kill.
There are no items here.
c - 15 chunks of flesh (gained 2)
There are no items here.
Unknown command.
Welcome back, Oxelix the Draconian Berserker.
Trog says: Kill them all!
Press ? for a list of commands and other information.
Welcome back, Oxelix the Draconian Berserker.
Trog says: Kill them all!
Press ? for a list of commands and other information.
Are you sure you want to abandon this character and quit the game? (Confirm with "yes".)

# ## .# #.# ##
##########.
.####..........
..#.#.....####.#####
..........# #.(.@..#
..#.#)....# ##.###.#
.##.......# # #.#
###.#.##### #รท#
#.........# #.#
..........# #.#
..........# #.#
#.........# ######.#
..........# #...##.#


There were no monsters in sight!

Vanquished Creatures
  Sigmund (D:2)
  A hound (D:3)
  3 adders
  2 worms (D:3)
  A dart slug (D:3)
  A leopard gecko (D:1)
  An orc (D:3)
  A ball python (D:1)
  8 bats
  2 giant cockroaches
  5 goblins
  8 hobgoblins
  16 jackals
  4 quokkas
  4 frilled lizards
  5 kobolds
  7 rats
70 creatures vanquished.

Notes
Turn   | Place    | Note
-------+----------+-------------------------------------------
     0 | D:1      | Oxelix the Draconian Berserker began the quest for the Orb.
     0 | D:1      | Reached XP level 1. HP: 19/19 MP: 1/1
   351 | D:1      | Reached XP level 2. HP: 26/26 MP: 2/2
   727 | D:1      | Upgraded the game from 0.19.3-4-gbf9329e to 0.19.4-12-gccf7e64
   734 | D:1      | Reached ** piety under Trog
   741 | D:1      | Reached XP level 3. HP: 33/33 MP: 3/3
  1194 | D:2      | Noticed Sigmund
  1204 | D:2      | Killed Sigmund
  1204 | D:2      | Reached skill level 5 in Maces & Flails
  1204 | D:2      | Reached XP level 4. HP: 32/40 MP: 4/4
  1204 | D:2      | Reached XP level 5. HP: 36/46 MP: 5/5
  1993 | D:3      | Reached skill level 6 in Maces & Flails
  2068 | D:3      | Found a blossoming altar of Fedhas.
  2318 | D:3      | Reached XP level 6. HP: 49/52 MP: 6/6
  2343 | D:3      | Reached *** piety under Trog
  2452 | D:3      | Upgraded the game from 0.19.4-12-gccf7e64 to 0.19.5
  2452 | D:3      | Quit the game

Skill      XL: |  1  2  3  4  5 |
---------------+----------------+-----
Dodging        | 3 |  3.2
Maces & Flails | 5 6 |  6.2
Fighting       | |  3.7
Stealth        | |  0.6

Action                   |  1- 3 |  4- 6 || total
-------------------------+-------+-------++-------
Melee: Mace              |    46 |       ||    46
       Tailslap          |     6 |    12 ||    18
       Whip              |    75 |   100 ||   175
Invok: Berserk           |     3 |     1 ||     4
  Use: Scroll            |       |     2 ||     2
 Stab: Sleeping          |     1 |     4 ||     5
  Eat: Chunk             |     3 |     6 ||     9
Armor: Skin              |    29 |    32 ||    61
Dodge: Dodged            |    92 |    44 ||   136
